 Dungeon Crawl Stone Soup version 0.31.0-11-ge490571c62 (webtiles) character file.

Game seed: 13075596589803452559

129 monsoonserge the Cudgeller (level 5, -1/21 (43) HPs)
             Began as a Gnoll Reaver on Feb 1, 2024.
             Was a Follower of Makhleb.
             Slain by an orc
             ... wielding a +0 whip
              (6 damage)
             ... on level 2 of the Dungeon.
             The game lasted 00:04:46 (2197 turns).

monsoonserge the Cudgeller (Gnoll Reaver)           Turns: 2197, Time: 00:04:47

HP:   -1/21 (43)    AC:  3    Str: 11    XL:     5   Next: 12%
MP:   11/12         EV: 12    Int: 15    God:    Makhleb [*.....]
Gold: 94            SH:  0    Dex: 10    Spells: 11/14 levels left

rFire   . . .        p - +0 flail
rCold   . . .        (no shield)
rNeg    . . .        b - +0 leather armour
rPois   .            (no helmet)
rElec   .            n - scarf {harm}
rCorr   .            (no gloves)
SInv    .            (no boots)
Will    .....        (no amulet)
Stlth   +            (no ring)
HPRegen 0.23/turn    (no ring)
MPRegen 0.13/turn

%: harm (+30% outgoing, +20% incoming)
@: extremely drained
A: fangs 1, strong nose, distributed training
a: Renounce Religion


You were on level 2 of the Dungeon.
You worshipped Makhleb.
Makhleb was aware of your devotion.
You visited 1 branch of the dungeon, and saw 3 of its levels.

You collected 94 gold pieces.

Inventory:

Hand Weapons
 p - a +0 flail (weapon)
Missiles
 k - 2 poisoned darts (quivered)
Armour
 b - a +0 leather armour (worn)
 c - a +0 cloak
 n - a scarf of harm (worn)
Scrolls
 d - 2 scrolls of blinking {unknown}
 e - 2 scrolls of identify {unknown}
 g - 2 scrolls of teleportation {unknown}
 h - a scroll of silence {unknown}
 i - a scroll of noise {unknown}
 l - a scroll of enchant armour {unknown}
Potions
 a - a potion of heal wounds {unknown}
 f - a potion of might {unknown}
 j - a potion of attraction {unknown}
 m - 2 potions of curing {unknown}
 o - a potion of enlightenment {unknown}


   Skills:
 + Level 4.7 Fighting
 + Level 1.4 Short Blades
 + Level 1.4 Long Blades
 + Level 1.4 Axes
 + Level 6.7 Maces & Flails
 + Level 1.4 Polearms
 + Level 1.4 Staves
 + Level 1.4 Ranged Weapons
 + Level 1.4 Throwing
 + Level 1.4 Armour
 + Level 4.7 Dodging
 + Level 1.4 Stealth
 + Level 1.4 Shields
 + Level 1.4 Unarmed Combat
 + Level 5.2 Spellcasting
 + Level 5.5 Conjurations
 + Level 1.1 Hexes
 + Level 1.1 Summonings
 + Level 1.1 Necromancy
 + Level 1.1 Translocations
 + Level 1.1 Fire Magic
 + Level 1.1 Ice Magic
 + Level 1.1 Air Magic
 + Level 1.1 Earth Magic
 + Level 1.1 Alchemy
 + Level 1.6 Invocations
 + Level 1.4 Evocations
 + Level 1.3 Shapeshifting


You had 11 spell levels left.
You knew the following spells:

 Your Spells              Type           Power      Damage    Failure   Level
a - Kiss of Death         Conj/Necr      52%        2d9       5%          1
b - Blink                 Tloc           14%        N/A       21%         2

Your spell library contained the following spells:

 Spells                   Type           Power      Damage    Failure   Level
 Momentum Strike          Conj/Tloc      26%        3d8       9%          2
 Hailstorm                Conj/Ice       13%        3d6       16%         3
 Cigotuvi's Dreadful Rot  Necr/Alch/Air  14%        N/A       21%         2
 Lesser Beckoning         Tloc           14%        N/A       21%         2
 Summon Ice Beast         Ice/Summ       7%         N/A       36%         3
 Bombard                  Conj/Erth      6%         9d2       100%        6
 Sculpt Simulacrum        Ice/Alch       3%         N/A       100%        6
 Lehudib's Crystal Spear  Conj/Erth      6%         10d3      100%        8


Dungeon Overview and Level Annotations

Branches:
Dungeon (3/15)

Altars:
Makhleb
Sif Muna

Shops:
D:1 !


Innate Abilities, Weirdness & Mutations

You have very sharp teeth.
Your uncanny sense of smell can sniff out nearby items.
Your experience applies equally to all skills.


Message History

Confirm with . or Enter, or press ? or * to list all spells.
Aiming: Kiss of Death (safe; 5% risk of failure)
Press: ? - help, Shift-Dir - straight line, f - orc priest
Aim: an orc priest, wielding a +0 mace (100% to hit)
The negative energy hits the orc priest.
The orc priest is drained!
The orc priest is severely wounded.
You feel drained.
The orc priest looks braver for a moment.
Casting: Kiss of Death (safe; 5% risk of failure)
Confirm with . or Enter, or press ? or * to list all spells.
Aiming: Kiss of Death (safe; 5% risk of failure)
Press: ? - help, Shift-Dir - straight line, f/p - orc priest
Aim: an orc priest, wielding a +0 mace (severely wounded, heavily drained, 100% to hit)
The negative energy hits the orc priest.
The orc priest is drained!
You kill the orc priest!
Makhleb accepts your kill.
You feel drained.
You have reached level 5!
The orc wizard gestures wildly while chanting.
The orc wizard flickers and vanishes!
Deactivating autopickup; reactivate with Ctrl-A.
There is a stone staircase leading up here.
The orc closely misses you.
You climb upwards.
Reactivating autopickup.
There is a stone staircase leading down here.
You closely miss the orc. The orc hits you with a +0 whip.
You barely miss the orc. The orc completely misses you.
You hit the orc but do no damage. The orc barely misses you.
You closely miss the orc. The orc hits you with a +0 whip.
* * * LOW HITPOINT WARNING * * *
You hit the orc.
The orc is lightly wounded.
The orc closely misses you.
You barely miss the orc.
The orc is lightly wounded.
The orc hits you with a +0 whip.
You die...

.P~♣≈≈~PPPP..## #..............
#P~P~≈♣♣~P....## ##.............
##PPP♣≈♣~~P~...## #.........##..
#P~PP♣♣♣~~P....# #.#.......####
###.P♣~♣≈~P~....# #.#.###...#
...PP♣~~~P~P..#.# #.#÷###...#
P.~~♣~~PPP......####.#.......####
~~~♣PP.P................###......
♣~PPP~..........@o##......##.....
P~PP.#.#......>........<.........
.P#..#.##............####........
####..............##...##.##.....
###....##.##.##..#####..#.##.....
.......##....##..###.........#...
###....####..##...##........#####
#..............................
#.........................#####


You could see an orc.

Vanquished Creatures
  An orc priest (D:3)
  2 adders
  4 gnolls (D:3)
  5 ball pythons
  2 bats
  5 endoplasms
  2 giant cockroaches
  3 goblins
  4 hobgoblins
  3 jackals (D:1)
  2 quokkas (D:3)
  5 frilled lizards
  3 kobolds
  2 rats
  A spectral kobold (D:2)
44 creatures vanquished.

Notes
Turn   | Place    | Note
-------+----------+-------------------------------------------
     0 | D:1      | monsoonserge the Gnoll Reaver began the quest for the Orb.
     0 | D:1      | Reached XP level 1. HP: 20/20 MP: 6/6
   284 | D:1      | Reached XP level 2. HP: 26/26 MP: 7/7
   309 | D:1      | Found Jimmof's Distillery.
   831 | D:2      | Reached skill level 5 in Spellcasting
   831 | D:2      | Reached XP level 3. HP: 27/29 MP: 5/9
   929 | D:2      | Reached skill level 1 in Invocations
   994 | D:2      | Found a faded altar of an unknown god.
  1005 | D:2      | Prayed at the altar of an unknown god.
  1005 | D:2      | Became a worshipper of Makhleb the Destroyer
  1005 | D:2      | Reached * piety under Makhleb
  1255 | D:2      | Learned a level 2 spell: Blink
  1515 | D:3      | Reached skill level 1 in Short Blades
  1515 | D:3      | Reached skill level 1 in Long Blades
  1515 | D:3      | Reached skill level 1 in Axes
  1515 | D:3      | Reached skill level 1 in Polearms
  1515 | D:3      | Reached skill level 1 in Staves
  1515 | D:3      | Reached skill level 1 in Ranged Weapons
  1515 | D:3      | Reached skill level 1 in Throwing
  1515 | D:3      | Reached skill level 1 in Armour
  1515 | D:3      | Reached skill level 1 in Stealth
  1515 | D:3      | Reached skill level 1 in Shields
  1515 | D:3      | Reached skill level 1 in Unarmed Combat
  1515 | D:3      | Reached skill level 1 in Evocations
  1566 | D:3      | Found a shimmering blue altar of Sif Muna.
  1670 | D:3      | Reached skill level 1 in Shapeshifting
  1670 | D:3      | Reached XP level 4. HP: 23/30 MP: 9/11
  1675 | D:3      | Reached skill level 1 in Hexes
  1675 | D:3      | Reached skill level 1 in Summonings
  1675 | D:3      | Reached skill level 1 in Necromancy
  1675 | D:3      | Reached skill level 1 in Translocations
  1675 | D:3      | Reached skill level 1 in Fire Magic
  1675 | D:3      | Reached skill level 1 in Ice Magic
  1675 | D:3      | Reached skill level 1 in Air Magic
  1675 | D:3      | Reached skill level 1 in Earth Magic
  1675 | D:3      | Reached skill level 1 in Alchemy
  2008 | D:3      | Got the Spellbook of Stony Astrapomancy
  2182 | D:3      | Reached XP level 5. HP: 13/21 MP: 9/12
  2197 | D:2      | Slain by an orc

Illustrated notes

Levels and vault maps discovered:
D:1:      dpeg_arrival_chambers_temple_mockup, layout_loops_ring, serial_shops,
          nicolae_diamond_shop
D:2:      layout_rooms, serial_bayou, serial_bayou_lagoon_a,
          serial_bayou_pond_d, serial_bayou_pond_d, serial_bayou_pond_c,
          dreamdust_ecumenical_altar_drowned_temple
D:3:      layout_loops_corners, mainiacjoe_overflow_cross_hatched

Skill      XL: |  1  2  3  4 |
---------------+-------------+-----
Spellcasting   | 5 |  5.2
Invocations    | 1 |  1.6
Short Blades   | 1 |  1.4
Long Blades    | 1 |  1.4
Axes           | 1 |  1.4
Polearms       | 1 |  1.4
Staves         | 1 |  1.4
Ranged Weapons | 1 |  1.4
Throwing       | 1 |  1.4
Armour         | 1 |  1.4
Stealth        | 1 |  1.4
Shields        | 1 |  1.4
Unarmed Combat | 1 |  1.4
Evocations     | 1 |  1.4
Shapeshifting  | 1 |  1.3
Hexes          | 1 |  1.1
Summonings     | 1 |  1.1
Necromancy     | 1 |  1.1
Translocations | 1 |  1.1
Fire Magic     | 1 |  1.1
Ice Magic      | 1 |  1.1
Air Magic      | 1 |  1.1
Earth Magic    | 1 |  1.1
Alchemy        | 1 |  1.1
Fighting       | |  4.7
Maces & Flails | |  6.7
Dodging        | |  4.7
Conjurations   | |  5.5

Action                     |  1- 3 |  4- 6 || total
---------------------------+-------+-------++-------
  Melee: Mace              |    86 |     3 ||    89
         Bite              |     6 |     2 ||     8
         Flail             |       |    26 ||    26
  Throw: Dart              |       |     1 ||     1
   Cast: Kiss of Death     |     3 |     4 ||     7
   Stab: Sleeping          |     1 |       ||     1
 Armour: Leather armour    |    30 |    13 ||    43
  Dodge: Dodged            |    62 |    12 ||    74
